 Dungeon Crawl Stone Soup version 0.31-a0-750-gfe7b580527 (webtiles) character file.

Game seed: 194448411532448540

6056 Newt the Carver (level 10, -6/74 HPs)
             Began as a Demonspawn Gladiator on Sept 14, 2023.
             Was a High Priest of Okawaru.
             Mangled by a wyvern (9 damage)
             ... on level 9 of the Dungeon.
             The game lasted 00:12:55 (7643 turns).

Newt the Carver (Demonspawn Gladiator)              Turns: 7643, Time: 00:12:55

Health: -6/74      AC: 15    Str: 20    XL:     10   Next: 57%
Magic:  0/10       EV: 11    Int:  9    God:    Okawaru [*****.]
Gold:   384        SH:  7    Dex: 14    Spells: 9/9 levels left

rFire   + . .        G - +4 trident (heavy)
rCold   + . .        n - +0 kite shield
rNeg    . . .        K - +3 ring mail
rPois   .            (helmet unavailable)
rElec   .            y - +0 cloak
rCorr   .            M - +2 pair of gloves
SInv    +            (no boots)
Will    +....        D - amulet of regeneration
Stlth   +            d - ring of protection from fire
HPRegen 1.12/turn    r - ring of protection from cold
MPRegen 0.24/turn

%: guardian spirit
@: enlightened, flying
A: antennae 3, thin metallic scales 1, magic shield, magic regeneration, magic
link
a: Renounce Religion, Heroism, Finesse, Duel


You were on level 9 of the Dungeon.
You worshipped Okawaru.
Okawaru was extremely pleased with you.
You visited 1 branch of the dungeon, and saw 8 of its levels.

You collected 410 gold pieces.
You spent 26 gold pieces at shops.

Inventory:

Hand Weapons
 a - a +0 rapier
 j - a +1 short sword of venom
 x - a +2 short sword of draining
 G - a +4 heavy trident (weapon)
Missiles
 q - an atropa-tipped dart
 B - 6 poisoned darts
 O - a javelin
 S - 15 boomerangs
Armour
 b - a +0 leather armour
 c - a +0 helmet
 e - a +0 cloak
 f - a +2 hat of stealth
 k - a +0 pair of gloves
 n - a +0 kite shield (worn)
 y - a +0 cloak (worn)
 I - a +2 pair of gloves
 J - a +1 leather armour of cold resistance
 K - a +3 ring mail (worn)
 M - a +2 pair of gloves (worn)
 N - +0 steam dragon scales
 R - a +0 pair of boots
Jewellery
 d - a ring of protection from fire (left hand)
 l - a ring of see invisible
 m - an amulet of reflection
 r - a ring of protection from cold (right hand)
 w - an amulet of faith
 D - an amulet of regeneration (around neck)
Wands
 i - a wand of polymorph (3)
 A - a wand of charming (24)
Scrolls
 p - a scroll of fog
 s - a scroll of teleportation
 t - 2 scrolls of noise
 u - 3 scrolls of poison
 v - a scroll of enchant weapon
 C - 4 scrolls of vulnerability
 Q - a scroll of enchant armour
Potions
 g - a potion of attraction
 h - a potion of degeneration
 o - 2 potions of mutation
 E - a potion of enlightenment
 P - 2 potions of cancellation {unknown}


   Skills:
 - Level 5.0 Fighting
 - Level 2.6(7.5) Short Blades
 - Level 11.0(11.2) Long Blades
 - Level 5.0 Polearms
 - Level 1.7 Throwing
 - Level 5.0 Armour
 - Level 5.0 Dodging
 + Level 2.0 Evocations


You had 9 spell levels left.
You didn't know any spells.
Your spell library contained the following spells:

 Spells                   Type           Power      Damage    Failure   Level
 Sandblast                Erth           0%         2d4       88%         1
 Passwall                 Tmut/Erth      0%         N/A       95%         2
 Inner Flame              Hex/Fire       0%         N/A       99%         3
 Stone Arrow              Conj/Erth      0%         3d7       99%         3
 Alistair's Intoxication  Tmut/Pois      0%         N/A       100%        5
 Borgnjor's Vile Clutch   Necr/Erth      0%         N/A       100%        5
 Yara's Violent Unravell  Hex/Tmut       0%         3d3       100%        5
 Eringya's Noxious Bog    Tmut/Pois      0%         4d6       100%        6
 Enfeeble                 Hex            0%         N/A       100%        7


Dungeon Overview and Level Annotations

Branches:
Dungeon (9/15)             Temple (0/1) D:7             Orc (0/2) D:9
   Lair: D:8-11

Altars:
Hepliaklqana
Okawaru

Shops:
D:9 *


Innate Abilities, Weirdness & Mutations

You have a pair of large antennae on your head. (SInv)
You are partially covered in thin metallic scales. (AC +2)
When hurt, damage is shared between your health and your magic reserves.
You regenerate magic rapidly.
When low on magic, you restore magic in place of health.


Message History

You throw a boomerang.
The boomerang barely misses the basilisk.
You feel sick.
The wyvern hisses menacingly.
You feel better. The wyvern barely misses you. The basilisk gazes at you.
You resist with almost no effort. The wyvern bites you!
* * * LOW HITPOINT WARNING * * *
Unknown command.
You hit the wyvern.
The wyvern is lightly wounded.
You block the wyvern's attack. The basilisk gazes at you.
You resist with almost no effort. You block the wyvern's attack.
The basilisk gazes at you. You resist with almost no effort.
You barely miss the wyvern.
The wyvern is lightly wounded.
The wyvern closely misses you. The wyvern bites you!
* * * LOW HITPOINT WARNING * * *
The wyvern bites you!
* * * LOW HITPOINT WARNING * * *
Unknown command.
Unknown command.
Throw: 2 darts (atropa)
Press: ? - help, Shift-Dir - straight line, f/p - basilisk
Aim: a basilisk (severely wounded, 50% to hit, chance to blind on hit: 3%)
You throw an atropa-tipped dart.
The atropa-tipped dart hits the basilisk.
The basilisk resists.
The basilisk is severely wounded.
The wyvern closely misses you. The basilisk gazes at you.
You resist with almost no effort.
The wyvern bites you but does no damage.
Unknown command.
You puncture the wyvern!
The wyvern is heavily wounded.
The wyvern bites you!
You die...

..........##..........#..##
....(...>.###.........####
...........##.......∩..#
..<....................#
.......†..............##
.....................##
...:.......l.........#
.........ol........###
#.....#...#@##.....#
#.....#...#####...##
.....###### ##### .....
#..## ###


You could see a basilisk, a wyvern and an orc.

Vanquished Creatures
  Gastronok (D:8)
  Maurice (D:8)
  Jeremiah (D:8)
  A hornet (D:7)
  Grinder (D:3)
  A wyvern (D:9)
  Sigmund (D:3)
  3 steam dragons (D:8)
  An acid dragon (D:9)
  2 water moccasins
  Duvessa (D:5)
  A sky beast (D:8)
  3 orc warriors
  A black bear (D:9)
  A wolf (D:9)
  2 kobold brigands
  Blork the orc (D:5)
  3 bullfrogs (D:7)
  A scorpion (D:4)
  6 wights
  Dowan (D:5)
  3 killer bees (D:9)
  6 howler monkeys
  9 orc priests
  A jelly (D:3)
  2 hounds (D:4)
  A gnoll bouda (D:8)
  An iguana (D:4)
  Jessica (D:2)
  2 sleepcaps
  9 orc wizards
  8 adders
  5 gnolls (D:8)
  An ufetubus (D:7)
  3 worms
  3 dart slugs
  49 orcs
  6 ball pythons
  12 endoplasms
  6 giant cockroaches
  6 goblins
  7 hobgoblins
  10 jackals
  30 kobolds
  4 quokkas
  3 bats
  7 frilled lizards
  8 rats
237 creatures vanquished.

Vanquished Creatures (others)
  A jelly (D:3)
  An orc (D:8)
  An endoplasm (D:3)
3 creatures vanquished.

Grand Total: 240 creatures vanquished

Notes
Turn   | Place    | Note
-------+----------+-------------------------------------------
     0 | D:1      | Newt the Demonspawn Gladiator began the quest for the Orb.
     0 | D:1      | Reached XP level 1. HP: 16/16 MP: 1/1
   144 | D:1      | Gained mutation: You regenerate magic rapidly. [demonic
                  | ancestry]
   144 | D:1      | Reached XP level 2. HP: 21/23 MP: 2/2
   160 | D:1      | Found a faded altar of an unknown god.
   651 | D:2      | Noticed Jessica
   661 | D:2      | Killed Jessica
   662 | D:2      | Gained mutation: You have a pair of small antennae on your
                  | head. [demonic ancestry]
   662 | D:2      | Reached XP level 3. HP: 25/30 MP: 3/3
   731 | D:2      | Reached XP level 4. HP: 29/38 MP: 4/4
  1628 | D:3      | Noticed Grinder
  1635 | D:3      | Paralysed by Grinder for 3 turns
  1643 | D:3      | Paralysed by Grinder for 4 turns
  1664 | D:3      | Killed Grinder
  1665 | D:3      | Reached skill level 5 in Fighting
  1665 | D:3      | Reached skill level 2 in Long Blades
  1665 | D:3      | Gained mutation: You have a pair of antennae on your head.
                  | [demonic ancestry]
  1665 | D:3      | Reached XP level 5. HP: 32/44 MP: 5/5
  1665 | D:3      | Gained mutation: When hurt, damage is shared between your
                  | health and your magic reserves. [demonic ancestry]
  1665 | D:3      | Reached XP level 6. HP: 37/51 MP: 6/6
  1912 | D:3      | Found Jyxas's General Store.
  2101 | D:3      | Noticed Sigmund
  2111 | D:3      | Killed Sigmund
  2112 | D:3      | Reached skill level 3 in Long Blades
  2220 | D:3      | Reached XP level 7. HP: 55/56 MP: 7/7
  3340 | D:4      | Reached skill level 4 in Long Blades
  3340 | D:4      | Reached skill level 5 in Dodging
  3385 | D:4      | Found an iron altar of Okawaru.
  3398 | D:4      | Became a worshipper of Warmaster Okawaru
  3753 | D:5      | Entered Level 5 of the Dungeon
  3753 | D:5      | Noticed Dowan
  3757 | D:5      | Noticed Duvessa
  3757 | D:5      | Noticed Blork the orc
  3773 | D:5      | Killed Duvessa
  3774 | D:5      | Reached skill level 5 in Long Blades
  3930 | D:5      | Killed Blork the orc
  3931 | D:5      | Reached skill level 6 in Long Blades
  3931 | D:5      | Gained mutation: When low on magic, you restore magic in
                  | place of health. [demonic ancestry]
  3931 | D:5      | Reached XP level 8. HP: 23/62 MP: 3/8
  3935 | D:5      | Killed Dowan
  3972 | D:5      | You fall into a shaft and drop 2 floors!
  3987 | D:7      | Reached * piety under Okawaru
  4198 | D:7      | Found a staircase to the Ecumenical Temple.
  4210 | D:7      | Reached skill level 7 in Long Blades
  4349 | D:8      | Noticed Jeremiah
  4373 | D:8      | Noticed Maurice
  4399 | D:7      | Reached skill level 8 in Long Blades
  5003 | D:7      | Noticed a hornet
  5013 | D:7      | Paralysed by a hornet for 1 turns
  5014 | D:7      | Killed a hornet
  5014 | D:7      | Reached ** piety under Okawaru
  5015 | D:7      | Reached skill level 9 in Long Blades
  5015 | D:7      | Gained mutation: You are partially covered in thin metallic
                  | scales. (AC +2) [demonic ancestry]
  5015 | D:7      | Reached XP level 9. HP: 33/68 MP: 7/9
  5465 | D:8      | Killed Jeremiah
  5466 | D:8      | Reached skill level 10 in Long Blades
  5624 | D:8      | Killed Maurice
  5667 | D:8      | Found a hazy altar of Hepliaklqana.
  5809 | D:8      | Reached skill level 11 in Long Blades
  5859 | D:8      | Reached skill level 1 in Polearms
  5910 | D:8      | Noticed Gastronok
  5928 | D:8      | Killed Gastronok
  5928 | D:8      | Reached *** piety under Okawaru
  5928 | D:8      | Reached **** piety under Okawaru
  5929 | D:8      | Reached skill level 5 in Polearms
  5929 | D:8      | Gained mutation: You have a pair of large antennae on your
                  | head. (SInv) [demonic ancestry]
  5929 | D:8      | Reached XP level 10. HP: 12/74 MP: 10/10
  6296 | D:8      | Reached skill level 1 in Armour
  6438 | D:8      | Identified the +1 falchion of Xiximp {flame, Str+2}
  6686 | D:9      | Found a staircase to the Orcish Mines.
  7524 | D:9      | Reached ***** piety under Okawaru
  7570 | D:9      | Found Wodiezoi's General Store.
  7578 | D:9      | Bought a scroll of identify for 26 gold pieces
  7610 | D:9      | Reached skill level 5 in Armour
  7625 | D:9      | HP: 1/74 [wyvern (10)]
  7633 | D:9      | Reached skill level 1 in Evocations
  7641 | D:9      | HP: 1/74 [wyvern (4)]
  7643 | D:9      | Mangled by a wyvern

Illustrated notes

Levels and vault maps discovered:
D:1:      dpeg_arrival_boxorama, layout_basic,
          shapermc_ecumenical_altar_starsandcircs
D:2:      layout_loops_corners, uniq_jessica
D:3:      cheibrodos_fertilizer, layout_loops_corners, serial_shops,
          nicolae_shop_just_a_little_nook, minmay_joined_circles, uniq_grinder,
          uniq_sigmund
D:4:      minmay_angry_zag, layout_rooms, lemuel_round_altar
D:5:      layout_basic, mainiacjoe_overflow_tiny_flanked,
          hangedman_decor_diamond_cutter, minivault_23, grunt_ministairs_1,
          uniq_edmund, uniq_eustachio, uniq_blork_the_orc, uniq_duvessa
D:7:      layout_basic, marbit_many_paths, minmay_temple_entry_ruins,
          minivault_26
D:8:      layout_basic, nicolae_hepliaklqana_hazy_memory, grunt_ministairs_4,
          minmay_orc_keep, uniq_gastronok, uniq_maurice, uniq_jeremiah
D:9:      layout_cave_pools, minmay_lair_entry_grove, hiddenorc2_lemuel,
          serial_shops, shop

Skill      XL: |  1  2  3  4  5  6  7  8  9 10 |
---------------+-------------------------------+-----
Fighting       | 4 5 |  5.0
Long Blades    | 2 3 6 9 11 | 11.0
Dodging        | 3 4 5 |  5.0
Polearms       | 5 |  5.0
Armour         | 5 |  5.0
Evocations     | 2 |  2.0
Short Blades   | |  2.6
Throwing       | |  1.7

Action                     |  1- 3 |  4- 6 |  7- 9 | 10-12 || total
---------------------------+-------+-------+-------+-------++-------
  Melee: Rapier            |    17 |       |       |       ||    17
         Short sword       |    59 |   157 |   593 |       ||   809
         Trident           |       |       |    38 |   196 ||   234
  Throw: Throwing net      |       |     1 |     2 |     1 ||     4
         Dart              |       |       |     3 |     1 ||     4
         Javelin           |       |       |     2 |       ||     2
         Boomerang         |       |       |       |     3 ||     3
 Invoke: Heroism           |       |       |     4 |       ||     4
  Evoke: Wand              |       |       |     2 |       ||     2
    Use: Scroll            |     6 |     4 |     7 |     4 ||    21
         Potion            |       |     1 |     4 |     3 ||     8
   Stab: Sleeping          |     2 |       |     1 |       ||     3
 Armour: Leather armour    |    49 |    42 |   164 |       ||   255
         Ring mail         |       |       |   168 |   280 ||   448
         Skin              |       |       |    16 |       ||    16
  Dodge: Dodged            |    47 |    33 |   301 |   205 ||   586
  Block: Kite shield       |    16 |    68 |   245 |   152 ||   481
         Reflection        |       |     2 |       |       ||     2

Table legend: (Time is in decaauts)
 A = Elapsed time spent in this place.
 B = Non-inter-level travel time spent in this place.
 C = Inter-level travel time spent in this place.
 D = Time resting spent in this place.
 E = Time spent auto-exploring this place.
 F = Levels seen in this place.
 G = Mean time per level.
                   A        B        C        D        E       F      G
               +--------+--------+--------+--------+--------+-----+--------+
         Total |   7820 |   7624 |    196 |   1411 |   4069 |   8 |  977.5 |
       Dungeon |   7820 |   7624 |    196 |   1411 |   4069 |   8 |  977.5 |
               +--------+--------+--------+--------+--------+-----+--------+

Top non-repeatable levels by time:
     D:8: 2119 daAuts
     D:3: 1554 daAuts
     D:7: 1171 daAuts
     D:2: 887 daAuts
     D:4: 857 daAuts
     D:1: 601 daAuts
     D:9: 547 daAuts
     D:5: 81 daAuts
